Map: Terrasses de Prion

Players

zidar - Winner!

  • Race: Zerg Zerg
  • League: Silver
  • Spawn Location: 5:00

BlackThunder

  • Race: Protoss Protoss
  • League: Silver
  • Spawn Location: 11:00

VOD

Have the link to the VOD?

Description

Time

  • Played on: Jan. 16, 2016, 2:10 p.m.
  • Length: 19:49
Show
View Real Time Build Order
Export as new Build Order

zidar Zerg - Winner!

Build Orders: Pool First 

Get SALT Encoding   

  12  0:01  Drone  
  13  0:12  Overlord  
  13  0:19  Drone  
  14  0:30  Drone x2  
  14  0:34  Drone  
  17  0:46  Spawning Pool  
  16  0:50  Drone  
  17  1:12  Hatchery  
  17  1:15  Drone  
  17  1:20  Extractor  
  17  1:22  Drone  
  17  1:37  Roach Warren  
  16  1:47  Drone x2  
  16  1:48  Drone  
  19  1:58  Queen  
  21  2:08  Drone  
  22  2:27  Queen  
  22  2:29  Drone x3  
  26  3:01  Spore Crawler  
  26  3:03  Queen  
  27  3:07  Overlord x2  
  27  3:15  Queen, Spore Crawler  
  28  3:25  Drone x2  
  28  3:26  Drone  
  28  3:27  Drone x2  
  33  3:36  Metabolic Boost  
  33  4:08  Spore Crawler  
  32  4:12  Spore Crawler  
  32  4:16  Zergling x2  
  32  4:17  Zergling x20  
  42  4:39  Lair  
  42  4:41  Overlord  
  42  4:42  Overlord x2  
  42  4:55  Extractor  
  41  5:01  Extractor  
  41  5:04  Extractor  
  28  5:50  Hydralisk Den  
  26  6:35  Hydralisk x3  
  26  6:36  Hydralisk x12  
  52  7:33  Drone x6  
  52  7:36  Drone  
  59  8:01  Overseer  
  59  8:13  Overlord  
  59  8:14  Overlord x2  
  59  8:36  Hydralisk x3  
  65  9:05  Roach x3  
  65  9:06  Roach  
  73  9:40  Drone x6  
  73  9:41  Drone x2  
  81  10:25  Overlord x3  
  81  10:42  Muscular Augments  
  81  10:46  Hydralisk  
  81  10:47  Hydralisk  
  85  10:54  Hatchery  
  84  11:08  Hydralisk x6  
  96  11:26  Infestation Pit  
  95  11:34  Evolution Chamber  
  95  11:37  Evolution Chamber  
  93  12:11  Hydralisk  
  93  12:12  Hydralisk x2  
  99  12:29  Hatchery  
  98  12:43  Zerg Missile Weapons Level 1  
  98  12:44  Zerg Ground Armor Level 1  
  56  13:23  Hydralisk  
  56  13:24  Hydralisk x11  
  56  14:06  Hydralisk x6  
  68  14:29  Overseer  
  68  14:34  Hydralisk  
  68  14:35  Hydralisk x3  
  76  14:46  Zerg Ground Armor Level 2  
  70  15:37  Hydralisk  
  70  15:38  Hydralisk x5  
  82  15:49  Hydralisk x2  
  86  16:02  Hatchery  
  63  16:50  Hydralisk  
  63  16:51  Hydralisk x9  
  83  17:00  Overseer  
  75  17:48  Hatchery  
  48  18:38  Hydralisk x3  
  48  18:39  Hydralisk x7  
  48  18:41  Hydralisk  
  68  18:53  Hydralisk  
  68  18:54  Hydralisk  
Show
View Real Time Build Order
Export as new Build Order

BlackThunder Protoss 

Build Orders:  

Get SALT Encoding   

  12  0:10  Pylon  
  12  0:20  Assimilator  
  12  0:22  Probe (Chrono Boost)  
  13  0:32  Probe (Chrono Boost)  
  14  0:40  Gateway  
  14  0:43  Probe (Chrono Boost)  
  15  1:01  Forge  
  15  1:07  Assimilator  
  15  1:09  Probe (Chrono Boost)  
  16  1:19  Probe (Chrono Boost)  
  17  1:30  Probe (Chrono Boost)  
  17  1:32  Cybernetics Core  
  18  1:42  Photon Cannon  
  18  1:53  Photon Cannon  
  18  2:10  Stargate  
  18  2:25  Probe (Chrono Boost)  
  19  2:35  Probe (Chrono Boost)  
  20  2:40  Stargate  
  20  2:46  Probe (Chrono Boost)  
  21  2:56  Probe (Chrono Boost)  
  22  3:06  Pylon  
  22  3:13  Pylon  
  22  3:16  Probe  
  23  3:24  Void Ray (Chrono Boost)  
  31  3:42  Void Ray (Chrono Boost)  
  31  3:56  Pylon  
  31  4:06  Void Ray (Chrono Boost)  
  35  4:20  Photon Cannon  
  35  4:22  Photon Cannon  
  35  4:27  Photon Cannon  
  35  4:50  Photon Cannon  
  35  4:51  Pylon  
  35  4:59  Void Ray (Chrono Boost)  
  29  5:35  Probe  
  29  5:47  Probe  
  30  5:59  Probe  
  31  6:11  Probe  
  32  6:24  Probe  
  29  6:44  Void Ray (Chrono Boost)  
  37  6:50  Void Ray (Chrono Boost)  
  33  7:12  Probe  
  34  7:24  Probe  
  34  7:25  Nexus  
  35  7:36  Probe  
  36  7:39  Photon Cannon  
  36  7:58  Void Ray (Chrono Boost)  
  40  8:01  Probe  
  41  8:15  Probe  
  42  8:27  Probe  
  43  8:39  Probe  
  44  8:43  Fleet Beacon  
  44  8:50  Probe  
  44  8:51  Probe  
  46  9:00  Probe  
  46  9:01  Assimilator  
  47  9:03  Probe  
  48  9:11  Probe  
  49  9:21  Probe  
  50  9:27  Tempest (Chrono Boost)  
  54  9:35  Probe  
  54  9:37  Void Ray (Chrono Boost)  
  59  9:42  Protoss Air Weapons Level 1 (Chrono Boost)  
  59  9:45  Probe  
  60  9:56  Probe  
  61  10:06  Probe  
  62  10:17  Probe  
  63  10:27  Probe  
  63  10:33  Tempest (Chrono Boost)  
  68  10:42  Pylon  
  68  10:44  Pylon  
  68  10:48  Photon Cannon  
  68  11:03  Tempest (Chrono Boost)  
  72  11:05  Probe  
  72  11:11  Assimilator  
  73  11:16  Probe  
  74  11:24  Tempest  
  78  11:26  Probe  
  79  11:37  Protoss Air Armor Level 1 (Chrono Boost)  
  79  11:42  Void Ray  
  79  12:06  Tempest  
  83  12:49  Robotics Facility  
  83  13:00  Pylon  
  83  13:02  Pylon  
  83  13:05  Photon Cannon  
  83  13:10  Photon Cannon  
  83  13:17  Tempest  
  75  13:55  Photon Cannon  
  75  13:56  Nexus  
  75  13:57  Photon Cannon  
  75  14:01  Photon Cannon  
  75  14:05  Photon Cannon  
  75  14:07  Photon Cannon  
  75  14:13  Pylon  
  75  14:15  Pylon  
  75  14:19  Pylon  
  75  14:21  Pylon  
  75  14:34  Tempest x2  
  83  15:17  Tempest x2  
  91  15:34  Photon Cannon  
  91  15:35  Photon Cannon  
  91  15:37  Photon Cannon  
  91  15:39  Photon Cannon  
  91  15:42  Photon Cannon  
  91  15:46  Photon Cannon  
  91  15:50  Photon Cannon  
  91  15:52  Photon Cannon  
  91  15:54  Photon Cannon  
  91  15:56  Pylon  
  91  15:59  Void Ray  
  91  16:00  Void Ray  
  99  16:06  Assimilator  
  74  16:42  Void Ray x2  
  66  17:23  Nexus  
  66  17:25  Void Ray  
  66  17:41  Nexus  
  50  18:31  Tempest (Chrono Boost)  
  50  18:37  Tempest (Chrono Boost)  
  49  18:56  Photon Cannon  
  49  18:59  Photon Cannon  
  49  19:01  Photon Cannon  
Tags
 
Add a new tag
Caveats
  • Supply blocks, unpowered buildings, or Contaminate may cause inaccurate times.
  • Supply counts are checked every 10 seconds.